 Dungeon Crawl Stone Soup version 0.30-a0-591-g3c58d2bc28 (webtiles) character file.

Game seed: 12676368470019878959

44 Heh the Firebug (level 3, 0/25 HPs)
             Began as an Octopode Fire Elementalist on Jan 5, 2023.
             Succumbed to an adder's poison
             ... on level 2 of the Dungeon.
             The game lasted 00:02:02 (1138 turns).

Heh the Firebug (Octopode Fire Elementalist)        Turns: 1138, Time: 00:02:03

Health: 0/25       AC:  1    Str:  7    XL:     3   Next: 60%
Magic:  3/6        EV: 13    Int: 17    God:
Gold:   31         SH:  0    Dex: 14    Spells: 3/6 levels left

rFire   . . .      SeeInvis .    f - +0 trident
rCold   . . .      Faith    .    (no shield)
rNeg    . . .      Spirit   .    (helmet restricted)
rPois   .          Reflect  .    (no amulet)
rElec   .          Harm     .    (no ring)
rCorr   .          Rampage  .    (no ring)
Will    .....                    (no ring)
Stlth   +++                      (no ring)
HPRegen 0.24/turn                (no ring)
MPRegen 0.10/turn                (no ring)
                                 (no ring)
                                 (no ring)

@: lethally poisoned (0 -> -2)
A: almost no armour, amphibious, 8 rings, camouflage 1, gelatinous body 1,
(nimble swimmer 1), tentacles
a: no special abilities


You were on level 2 of the Dungeon.
You visited 1 branch of the dungeon, and saw 2 of its levels.

You collected 31 gold pieces.

Inventory:

Hand Weapons
 e - a +0 short sword
 f - a +0 trident (weapon)
Scrolls
 b - a scroll of silence {unknown}
 c - 2 scrolls of teleportation {unknown}
 d - 2 scrolls of poison {unknown}
 g - a scroll of noise {unknown}
 h - a scroll of identify {unknown}
 l - a scroll of blinking {unknown}
Potions
 a - a potion of magic
 i - 2 potions of lignification {unknown}
 j - a potion of heal wounds {unknown}
 k - a potion of attraction {unknown}


   Skills:
 + Level 2.6 Fighting
 - Level 2.0 Dodging
 - Level 2.6 Stealth
 * Level 2.1 Spellcasting
 * Level 1.2 Conjurations
 * Level 3.2 Fire Magic


You had 3 spell levels left.
You knew the following spells:

 Your Spells              Type           Power      Damage    Failure   Level
a - Foxfire               Conj/Fire      36%        2x1d5     8%          1
b - Scorch                Fire           24%        2d6       8%          2

Your spell library contained the following spells:

 Spells                   Type           Power      Damage    Failure   Level
 Inner Flame              Hex/Fire       7%         N/A       30%         3
 Kindle Blastsparks       Fire/Tloc/Air  10%        2d10      36%         3
 Flame Wave               Conj/Fire      9%         2d6       58%         4


Dungeon Overview and Level Annotations

Branches:
Dungeon (2/15)

Altars:


Innate Abilities, Weirdness & Mutations

You cannot wear most types of armour.
You are amphibious.
You can wear up to eight rings at the same time.
Your skin changes colour to match your surroundings (Stealth+).
Your rubbery body absorbs attacks. (AC +1, EV +1)
((You are camouflaged when in or above water. (Stealth+)))
You have tentacles for arms and can constrict up to eight enemies at once.


Message History

The adder poisons you!
You miss the adder. Your grab misses the adder. Your squeeze misses the adder.
The adder is lightly wounded.
You feel sick.
The foxfire hits the adder.
The adder is moderately wounded.
The foxfire hits the adder.
The adder is heavily wounded.
The adder closely misses you. The adder bites you.
You closely miss the adder. Your grab misses the adder.
The adder is heavily wounded.
You feel sick. The adder barely misses you. x2
You hit the adder. You grab the adder.
The adder is almost dead.
You constrict the adder, but do no damage.
You feel sick.
You are no longer poisoned.
The adder bites you.
You are poisoned.
The adder poisons you! The adder closely misses you.
You barely miss the adder. You squeeze the adder.
You kill the adder!
You feel sick.
You are too injured to fight recklessly!
You are too injured to fight recklessly!
You are too injured to fight recklessly!
A worm is nearby!
You are too injured to fight recklessly!
You are too injured to fight recklessly!
You puncture the worm! You grab the worm.
The worm is moderately wounded.
You constrict the worm.
You feel sick. The worm bites you!
* * * LOW HITPOINT WARNING * * *
Casting: Foxfire (safe; 8% risk of failure)
Confirm with . or Enter, or press ? or * to list all spells.
You conjure some foxfire!
You constrict the worm.
* * * LOW HITPOINT WARNING * * *
You feel sick. The worm closely misses you.
Your foxfire dissipates!
You release your grip on the worm.
You die...

############
#...........
#..†........
#[..........
#§..........
#§§.........
#.##........
#.##@#######
#.#........#
#.#vw#####.#
#....#
####.# #.#
.......>#
#.......#
###.##...


You could see a worm (ally target).

Vanquished Creatures
  An adder (D:2)
  2 dart slugs (D:1)
  4 endoplasms
  3 goblins (D:1)
  6 hobgoblins (D:1)
  A quokka (D:1)
  2 ball pythons (D:1)
  4 bats
  2 frilled lizards (D:1)
  A kobold (D:1)
  3 rats (D:1)
29 creatures vanquished.

Vanquished Creatures (others)
  40 foxfires
40 creatures vanquished.

Grand Total: 69 creatures vanquished

Notes
Turn   | Place    | Note
-------+----------+-------------------------------------------
     0 | D:1      | Heh the Octopode Fire Elementalist began the quest for the
                  | Orb.
     0 | D:1      | Reached XP level 1. HP: 11/11 MP: 3/3
    61 | D:1      | Reached skill level 1 in Fighting
   198 | D:1      | Reached XP level 2. HP: 18/18 MP: 1/5
   515 | D:1      | Reached XP level 3. HP: 20/25 MP: 2/6
   518 | D:1      | Learned a level 2 spell: Scorch
  1137 | D:2      | HP: 1/25 [poisoned by an adder]
  1138 | D:2      | Succumbed to an adder's poison

Illustrated notes

Levels and vault maps discovered:
D:1:      wheals_arrival_linesprint, layout_basic, wad_floor_pattern_untrapped
D:2:      layout_basic, basic_altar

Skill      XL: |  1  2 |
---------------+-------+-----
Fighting       | 1 2 |  2.6
Dodging        | |  2.0
Stealth        | |  2.6
Spellcasting   | |  2.1
Conjurations   | |  1.2
Fire Magic     | |  3.2

Action                   || total
-------------------------++-------
Melee: Unarmed           ||    16
       Constrict         ||    10
       Tentacles         ||     7
       Trident           ||    29
       Short sword       ||     7
 Cast: Foxfire           ||    29
 Stab: Sleeping          ||     3
Armor: Skin              ||     2
Dodge: Dodged            ||    38

Table legend: (Time is in decaauts)
 A = Elapsed time spent in this place.
 B = Non-inter-level travel time spent in this place.
 C = Inter-level travel time spent in this place.
 D = Time resting spent in this place.
 E = Time spent auto-exploring this place.
 F = Levels seen in this place.
 G = Mean time per level.
                   A        B        C        D        E       F      G
               +--------+--------+--------+--------+--------+-----+--------+
         Total |   1145 |   1077 |     68 |      0 |    876 |   2 |  572.5 |
       Dungeon |   1145 |   1077 |     68 |      0 |    876 |   2 |  572.5 |
               +--------+--------+--------+--------+--------+-----+--------+

Top non-repeatable levels by time:
     D:1: 1101 daAuts
     D:2: 44 daAuts
